 Dungeon Crawl Stone Soup version 0.32-a0-909-gc671339a80 (webtiles) character file.

Game seed: 7733205602886832754

197 Biggs the Shooter (level 5, 0/38 HPs)
             Began as a Coglin Hunter on Apr 7, 2024.
             Slain by an orc wizard
             ... wielding a +1 dagger of venom
              (4 damage)
             ... on level 4 of the Dungeon.
             The game lasted 00:02:47 (2142 turns).

Biggs the Shooter (Coglin Hunter)                   Turns: 2142, Time: 00:02:48

Health: 0/38       AC:  7    Str: 11    XL:     5   Next: 75%
Magic:  5/5        EV: 11    Int:  9    God:
Gold:   161        SH:  0    Dex: 19    Spells: 4/4 levels left

rFire   . . .        a - +2 sling {Minjee}
rCold   . . .        d - +0 sling {Malena}
rNeg    . . .        m - +3 leather armour
rPois   .            r - +0 helmet
rElec   .            (no cloak)
rCorr   .            (no gloves)
SInv    .            (no boots)
Will    .....        (amulet unavailable)
Stlth   ++           (ring unavailable)
HPRegen 0.26/turn    (ring unavailable)
MPRegen 0.09/turn    (no gizmo)

%: no passive effects
@: lethally poisoned (0 -> -19), revved
A: off-hand wielding, slow wielding, warmup strikes, no jewellery
a: Invent Gizmo


You were on level 4 of the Dungeon.
You visited 1 branch of the dungeon, and saw 4 of its levels.

You collected 191 gold pieces.
You spent 30 gold pieces at shops.

Inventory:

Hand Weapons
 a - a +2 sling (weapon) {Minjee}
 d - a +0 sling (offhand) {Malena}
Armour
 c - a +0 leather armour
 m - a +3 leather armour (worn)
 r - a +0 helmet (worn)
Wands
 j - a wand of light (5)
 o - a wand of charming (12)
 q - a wand of warping (9)
Scrolls
 b - a scroll of butterflies
 e - a scroll of identify {unknown}
 g - a scroll of acquirement {unknown}
 h - a scroll of teleportation
 i - 2 scrolls of enchant weapon {unknown}
 k - a scroll of enchant armour {unknown}
 n - a scroll of fog {unknown}
 s - a scroll of revelation {unknown}
Potions
 f - a potion of brilliance {unknown}
 l - a potion of degeneration {unknown}
 p - a potion of ambrosia {unknown}


   Skills:
 - Level 2.0 Fighting
 + Level 6.2 Ranged Weapons
 - Level 1.7 Dodging
 - Level 0.7 Stealth


You had 4 spell levels left.
You didn't know any spells.
Your spell library contained the following spells:

 Spells                   Type           Power      Damage    Failure   Level
 Blink                    Tloc           0%         N/A       63%         2
 Lesser Beckoning         Tloc           0%         N/A       63%         2
 Momentum Strike          Conj/Tloc      0%         3d8       63%         2


Dungeon Overview and Level Annotations

Branches:
Dungeon (4/15)
 Temple: D:4-7

Altars:
Hepliaklqana
Xom

Shops:
D:1 ?   D:2 !   D:3 [

Portals:
Abyss: D:3

Annotations:
D:3 2 transporters, Biggs's ghost, amateur CoHu


Innate Abilities, Weirdness & Mutations

You can wield a second weapon in your off-hand.
It takes a long time for you to wield or remove held weapons.
Your first few attacks do less damage.
You cannot equip rings or amulets.


Message History

No target in view!
There is a strange disturbance nearby!
Unknown command.
No target in view!
No target in view!
There is a strange disturbance nearby!
You hear some strange, mumbled words.
You are confused.
Things that are here:
a +2 mace of protection; an orc corpse You bump into the rock wall.
You're too confused to move!
You hear some strange, mumbled words.
A puff of flame appears from out of thin air!
The puff of flame hits you!
You completely miss something with your +2 sling.
You miss something with your +0 sling. Something hits you.
You are poisoned.
You completely miss something with your +0 sling.
You miss something with your +2 sling.
You feel very sick. Something hits you but does no damage.
You are more poisoned.
Something hits you but does no damage.
You completely miss something with your +0 sling.
You barely miss something with your +2 sling.
You feel very sick. Something hits you.
You are lethally poisoned!
You bump into the rock wall.
You feel less confused.
* * * LOW HITPOINT WARNING * * *
You feel very sick. Something hits you but does no damage.
You are more poisoned.
You shoot a sling bullet. x2
* * * LOW HITPOINT WARNING * * *
You feel extremely sick. Something hits you.
You die...

#####..######.......## ##.##.#
#####...####)......>.####...#.#
...........'.........'........#
##.##...##.#.........####...#.#
#.........##...)...## #.....#
#####.#######..)..## #.##### .#
##...## #.# .# ##)## #.# .# #@#
#.# .# #{# #.# #†# #.# ... #.#
... #.# #...# ##?## ###


There were no monsters in sight!

Vanquished Creatures
  A hound (D:3)
  Jessica (D:3)
  2 iguanas (D:4)
  An adder (D:2)
  A dart slug (D:3)
  4 ribbon worms
  5 orcs (D:4)
  7 ball pythons
  5 endoplasms
  4 giant cockroaches
  8 hobgoblins
  4 jackals (D:3)
  6 kobolds
  3 bats
  2 frilled lizards (D:1)
  7 goblins
  3 rats
64 creatures vanquished.

Notes
Turn   | Place    | Note
-------+----------+-------------------------------------------
     0 | D:1      | Biggs the Coglin Hunter began the quest for the Orb.
     0 | D:1      | Reached XP level 1. HP: 16/16 MP: 1/1
   133 | D:1      | Reached skill level 4 in Ranged Weapons
   133 | D:1      | Reached XP level 2. HP: 22/22 MP: 2/2
   213 | D:1      | Found Boticosch's Magic Scroll Shoppe.
   227 | D:1      | Reached XP level 3. HP: 27/27 MP: 3/3
   227 | D:1      | Bought a scroll of teleportation for 30 gold pieces
   287 | D:1      | Found a faded altar of an unknown god.
   602 | D:2      | Found Wioris's Distillery.
   798 | D:2      | Identified the +5 short sword "Evotsy" {freeze, MP+9 Str+4}
  1431 | D:3      | Noticed a small abomination
  1439 | D:3      | Identified the +8 short sword of Propriety {holy, Will-
                  | Str+4}
  1448 | D:3      | Noticed Biggs's ghost (amateur CoHu)
  1460 | D:3      | Found a transporter.
  1462 | D:3      | Found a transporter.
  1489 | D:3      | Noticed Jessica
  1491 | D:3      | Killed Jessica
  1492 | D:3      | Reached skill level 5 in Ranged Weapons
  1492 | D:3      | Reached XP level 4. HP: 33/33 MP: 4/4
  1566 | D:3      | Found Wotetore's Armour Boutique.
  1725 | D:3      | Reached XP level 5. HP: 30/38 MP: 5/5
  1831 | D:3      | Found a hazy altar of Hepliaklqana.
  1832 | D:3      | Found a shimmering altar of Xom.
  1833 | D:3      | Noticed a spectral ugly thing
  1900 | D:3      | Found a one-way gate to the infinite horrors of the Abyss.
  1993 | D:4      | Reached skill level 6 in Ranged Weapons
  2142 | D:4      | Slain by an orc wizard

Illustrated notes

Levels and vault maps discovered:
D:1:      psy_arrival_conway, layout_rooms, serial_shops,
          nicolae_shop_tiny_statue_garden, chequers_ecumenical_altar_twisty,
          kennysheep_minor_cross, minmay_worlds_worst_comb
D:2:      layout_loops_corners, serial_shops,
          nicolae_shop_temple_entry_statues_fountains, kennysheep_generic_room_4
D:3:      layout_rooms, regret_index_temple_of_mockery,
          gammafunk_ghost_abyssal_escape, serial_shops, nicolae_shop_stone,
          minivault_11, uniq_jessica
D:4:      layout_loops_corners, minmay_temple_entry_ruins

Skill      XL: |  1  2  3  4  5 |
---------------+----------------+-----
Ranged Weapons | 4 5 6 |  6.2
Fighting       | |  2.0
Dodging        | |  1.7
Stealth        | |  0.7

Action                     |  1- 3 |  4- 6 || total
---------------------------+-------+-------++-------
  Melee: Sling             |       |     6 ||     6
   Fire: Sling             |   128 |   130 ||   258
 Armour: Leather armour    |     1 |    20 ||    21
  Dodge: Dodged            |     1 |    14 ||    15

Table legend: (Time is in decaauts)
 A = Elapsed time spent in this place.
 B = Non-inter-level travel time spent in this place.
 C = Inter-level travel time spent in this place.
 D = Time resting spent in this place.
 E = Time spent auto-exploring this place.
 F = Levels seen in this place.
 G = Mean time per level.
                   A        B        C        D        E       F      G
               +--------+--------+--------+--------+--------+-----+--------+
         Total |   2173 |   2088 |     85 |      0 |   1764 |   4 |  543.2 |
       Dungeon |   2173 |   2088 |     85 |      0 |   1764 |   4 |  543.2 |
               +--------+--------+--------+--------+--------+-----+--------+

Top non-repeatable levels by time:
     D:2: 990 daAuts
     D:3: 534 daAuts
     D:1: 451 daAuts
     D:4: 197 daAuts
